 Dungeon Crawl Stone Soup version 0.21.1-1-g345015f (webtiles) character file.

181 nicolaieve the Magician (level 5, -3/28 HPs)
             Began as a Deep Elf Conjurer on June 6, 2018.
             Killed from afar by an orc wizard (5 damage)
             ... with a magic dart
             ... on level 3 of the Dungeon.
             The game lasted 00:20:02 (2140 turns).

nicolaieve the Magician (Deep Elf Conjurer)         Turns: 2140, Time: 00:20:03

Health: -3/28      AC:  2    Str:  5    XL:     5   Next: 34%
Magic:  15/15      EV: 14    Int: 21    God:
Gold:   101        SH:  0    Dex: 15    Spells: 12/15 levels left

rFire    . . .     SeeInvis .   (no weapon)
rCold    . . .     Gourm    .   (no shield)
rNeg     . . .     Faith    .   n - +0 robe
rPois    .         Spirit   .   (no helmet)
rElec    .         Reflect  .   (no cloak)
rCorr    .         Harm     .   (no gloves)
MR       .....                  (no boots)
Stlth    +++.......             (no amulet)
HPRegen  0.09/turn              (no ring)
MPRegen  0.14/turn              (no ring)

@: no status effects
A: no striking features
a: no special abilities


You were on level 3 of the Dungeon.
You were hungry.

You visited 1 branch of the dungeon, and saw 3 of its levels.

You collected 101 gold pieces.

Inventory:

Missiles
 d - 64 bolts
Armour
 a - a +0 robe
 n - a +0 robe (worn)
Scrolls
 e - a scroll of fear {unknown}
 h - 2 scrolls of remove curse {unknown}
 i - 2 scrolls of identify {unknown}
 j - a scroll of blinking {unknown}
Potions
 g - 5 potions of curing {unknown}
 k - a potion of mutation {unknown}
 l - a potion of ambrosia {unknown}
 m - a potion of agility {unknown}
 o - a potion of lignification {unknown}
 p - a potion of heal wounds {unknown}
Books
 b - a book of Conjurations

   Spells                             Type                      Level
   a - Magic Dart                     Conjuration                  1
   b - Searing Ray                    Conjuration                  2
   c - Dazzling Spray                 Conjuration/Hexes            3
   d - Fulminant Prism                Conjuration/Hexes            4
   e - Force Lance                    Conjuration/Translocation    4
   f - Iskenderun's Mystic Blast      Conjuration                  4
Comestibles
 c - 3 rations
 f - 7 chunks of flesh


   Skills:
 + Level 3.8 Dodging
 - Level 4.0 Stealth
 + Level 5.8 Spellcasting
 + Level 4.5 Conjurations


You had 12 spell levels left.
You knew the following spells:

 Your Spells              Type           Power        Failure   Level  Hunger
a - Magic Dart            Conj           ####         1%          1    None
b - Searing Ray           Conj           ####..       2%          2    None


Dungeon Overview and Level Annotations

Branches:
Dungeon (3/15)

Altars:


Message History

The magic dart hits the orc.
You kill the orc!
An orc comes into view. It is wielding a hand axe.
The orc moves out of view.
An orc comes into view. It is wielding a club.
An orc wizard comes into view.
It is wielding a dagger of electrocution.
You are feeling hungry.
An orc priest comes into view. It is wielding a trident.
Found a dog-eared paperback book and 2 gold pieces.
The orc wizard gestures wildly while chanting.
The orc wizard seems to speed up.
The orc priest shouts!
The orc wizard points at you and mumbles some strange words.
The magic dart hits you!
The orc wizard points at you and mumbles some strange words.
The magic dart hits you!
* * * LOW HITPOINT WARNING * * *
The orc wizard points at you and mumbles some strange words.
The magic dart hits you!
You die...

###### #....#
#..@.#
#....############
#....o.o...รท....#
#....##o#######....
##########..#######
#
..........).)......
#####............
#%o..........
#.o..........


You could see an orc priest and an orc wizard.

Vanquished Creatures
  A hound (D:2)
  Jessica (D:2)
  Robin (D:2)
  2 adders (D:3)
  A worm (D:2)
  A dart slug (D:1)
  3 leopard geckos
  2 orcs
  3 ball pythons
  14 giant cockroaches
  14 goblins
  12 hobgoblins
  A quokka (D:3)
  7 bats
  5 frilled lizards
  5 kobolds
  6 rats
79 creatures vanquished.

Notes
Turn   | Place    | Note
-------+----------+-------------------------------------------
     0 | D:1      | nicolaieve the Deep Elf Conjurer began the quest for the Orb.
     0 | D:1      | Reached XP level 1. HP: 10/10 MP: 6/6
    78 | D:1      | Reached XP level 2. HP: 15/15 MP: 2/8
   588 | D:2      | Reached XP level 3. HP: 19/19 MP: 7/10
   623 | D:2      | Reached skill level 4 in Spellcasting
   713 | D:2      | Noticed Jessica
   718 | D:2      | Killed Jessica
   718 | D:2      | Reached XP level 4. HP: 21/24 MP: 5/12
   763 | D:2      | Reached skill level 5 in Spellcasting
  1161 | D:2      | Noticed Robin
  1363 | D:2      | Killed Robin
  1363 | D:2      | Reached XP level 5. HP: 23/28 MP: 0/15
  1998 | D:3      | Learned a level 2 spell: Searing Ray
  2140 | D:3      | Killed from afar by an orc wizard

Skill      XL: |  1  2  3  4  5 |
---------------+----------------+-----
Stealth        | 3 4 |  4.0
Dodging        | 3 |  3.8
Spellcasting   | 4 5 |  5.8
Conjurations   | |  4.5

Action                   |  1- 3 |  4- 6 || total
-------------------------+-------+-------++-------
Melee: Unarmed           |       |     4 ||     4
 Cast: Magic Dart        |    55 |   103 ||   158
  Eat: Chunk             |       |     3 ||     3
Armor: Robe              |     1 |     3 ||     4
Dodge: Dodged            |     4 |    40 ||    44
